 Dungeon Crawl Stone Soup version 0.16.0-18-g484a79e (webtiles) character file.

175 Alg the Poker (level 5, -4/61 HPs)
             Began as a Merfolk Skald on Mar 22, 2015.
             Slain by Crazy Yiuf
             ... wielding a +3 quarterstaff of chaos
              (9 damage)
             ... on level 3 of the Dungeon.
             The game lasted 00:13:26 (3756 turns).

Alg the Poker (Merfolk Skald)                       Turns: 3756, Time: 00:13:26

Health: -4/61      AC:  6    Str: 17    XL:     5   Next: 55%
Magic:  8/9        EV: 11    Int: 12    God:
Gold:   83         SH:  0    Dex: 14    Spells: 4 memorised, 1 level left

rFire  . . .     SeeInvis .     a - +0 spear
rCold  . . .     Clarity  .     b - +0 leather armour
rNeg   . . .     SustAb   .     (no shield)
rPois  .         Gourm    .     s - +1 helmet
rElec  .         Spirit   .     (no cloak)
rCorr  .         Warding  .     n - +0 pair of gloves
rMut   .         Stasis   .     (no boots)
MR     .....                    (no amulet)
Stlth  ..........               (no ring)
                                d - ring of flight

@: berserking, very quick, not resistant to hostile enchantments, extremely
unstealthy
A: change form in water, swift swim
a: Evoke Flight


You were on level 3 of the Dungeon.
You were hungry.

You visited 1 branch of the dungeon, and saw 4 of its levels.

You collected 83 gold pieces.

Inventory:

Hand weapons
 a - a +0 spear (weapon)
Missiles
 h - 4 javelins (quivered)
Armour
 b - a +0 leather armour (worn)
 n - a +0 pair of gloves (worn)
 s - a +1 helmet (worn)
Jewellery
 d - a ring of flight (left hand)
Magical devices
 q - a wand of magic darts (22)
Scrolls
 f - a scroll of teleportation
 i - a scroll of blinking
 j - 3 scrolls of remove curse
 m - a scroll of identify
Potions
 e - a potion of curing
 g - 2 potions of might {unknown}
Books
 c - a book of Battle

   Spells                             Type                      Level
   a - Infusion                       Charms                       1
   b - Shroud of Golubria             Charms/Translocation         2
   c - Song of Slaying                Charms                       2
   d - Spectral Weapon                Hexes/Charms                 3
   e - Regeneration                   Charms/Necromancy            3
Comestibles
 o - 2 bread rations
 p - a royal jelly
 r - 2 chunks of flesh


   Skills:
 + Level 3.1 Fighting
 * Level 5.3 Polearms
 - Level 0.6 Armour
 - Level 1.3 Dodging
 + Level 2.7 Spellcasting
 * Level 4.2 Charms
 + Level 0.5 Necromancy
 + Level 0.4 Translocations


You had one spell level left.
You knew the following spells:

 Your Spells              Type           Power        Failure   Level  Hunger
a - Infusion              Chrm           ##....       8%          1    #......
b - Song of Slaying       Chrm           ##......     12%         2    ###....
c - Shroud of Golubria    Chrm/Tloc      #.........   17%         2    ###....
d - Regeneration          Chrm/Necr      #.........   34%         3    ###....


Dungeon Overview and Level Annotations

Branches:
Dungeon (4/15)
 Temple: D:4-7

Altars:
Ashenzari
Dithmenos

Annotations:
D:3 Crazy Yiuf; Rayvis' ghost, average MiFi


Message History

* * * LOW HITPOINT WARNING * * *
You are lethally poisoned!
* * * LOW HITPOINT WARNING * * *
You feel sick.
Drink which item? (? for menu, Esc to quit)
You feel better.
Unknown command.
Crazy Yiuf grits, "Mountain cower agre!"
Crazy Yiuf says, "Crazy?
Crazy!?
PORCUPINE!"
Crazy Yiuf hits you with a quarterstaff of chaos!
* * * LOW HITPOINT WARNING * * *
A red film seems to cover your vision as you go berserk!
You feel yourself moving faster!
You feel mighty!
You hit Crazy Yiuf.
Crazy Yiuf is severely wounded.
You closely miss Crazy Yiuf.
Crazy Yiuf is severely wounded.
Crazy Yiuf screams, "Ten leg snail!"
Crazy Yiuf hits you with a quarterstaff of chaos!
You die...

..........######.......
##.....................
#....###..#####.##....
####.#....#####.#.....
#.#.#.....<#.#.....
####.#.######...#(<[..
###.................รท)..
.....>....................
.... #.#.@....###.####.#.#
.....##.#g#....# #.# #.#.#
............##.# #.####.#.#
.....#......##.# #......... .
#......##.####......##
#......##.#...........
#..(...##.#.##.....##.
#......##.#..#.....##.
########.........##.#.....##.


You could see Crazy Yiuf.

Vanquished Creatures
  An orc wizard (D:2)
  Robin (D:2)
  4 adders
  3 worms
  2 giant geckos
  3 orcs
  2 giant cockroaches (D:2)
  17 goblins
  10 hobgoblins
  2 quokkas (D:2)
  3 bats (D:3)
  4 giant newts
  11 kobolds
  12 rats
75 creatures vanquished.

Notes
Turn   | Place    | Note
--------------------------------------------------------------
     0 | D:1      | Alg, the Merfolk Skald, began the quest for the Orb.
     0 | D:1      | Reached XP level 1. HP: 16/16 MP: 3/3
   141 | D:1      | Reached XP level 2. HP: 2/22 MP: 1/4
   587 | D:1      | Learned a level 2 spell: Song of Slaying
   590 | D:1      | Learned a level 2 spell: Shroud of Golubria
   851 | D:2      | Reached XP level 3. HP: 28/28 MP: 0/6
   929 | D:2      | Noticed Robin
   956 | D:2      | Reached skill level 4 in Polearms
   981 | D:2      | Killed Robin
  1395 | D:2      | Reached XP level 4. HP: 15/34 MP: 8/8
  1880 | D:2      | Learned a level 3 spell: Regeneration
  2107 | D:3      | Noticed Rayvis' ghost (average MiFi)
  2666 | D:3      | Found a shattered altar of Ashenzari.
  2668 | D:3      | Found a shadowy altar of Dithmenos.
  2723 | D:4      | Noticed a phantom
  3087 | D:2      | Reached skill level 5 in Polearms
  3087 | D:2      | Reached XP level 5. HP: 7/41 MP: 2/9
  3716 | D:3      | Noticed Crazy Yiuf
  3756 | D:3      | Slain by Crazy Yiuf

Action                   |  1- 3 |  4- 6 || total
-------------------------+-------+-------++-------
Melee: Spear             |   143 |   174 ||   317
 Cast: Infusion          |     7 |    12 ||    19
       Song of Slaying   |     1 |       ||     1
       Regeneration      |       |     1 ||     1
       Shroud of Golubri |       |     1 ||     1
  Use: Potion            |     1 |     1 ||     2
       Scroll            |       |     5 ||     5
  Eat: Chunk             |       |     5 ||     5
       Bread ration      |       |     1 ||     1
